 Dungeon Sprint DCSS version 0.24.1 (webtiles) character file.

Game seed: 12832411447560068408, levelgen mode: deterministic

13 Groucho the Ducker (level 2, -1/12 HPs)
             Began as a Felid Transmuter on Apr 7, 2020.
             Slain by a phantom (9 damage)
             ... in the Dungeon (Sprint IX: "|||||||||||||||||||||||||||||").
             The game lasted 00:00:31 (301 turns).

Groucho the Ducker (Felid Transmuter)                Turns: 301, Time: 00:00:32

Health: -1/12      AC:  1    Str:  6    XL:     2   Next: 24%
Magic:  5/6        EV: 19    Int: 14    God:
Gold:   0          SH:  0    Dex: 16    Spells: 5/6 levels left
                                        Lives:  0   Deaths: 0

rFire    . . .     SeeInvis +     - Unarmed
rCold    . . .     Gourm    .   (shield unavailable)
rNeg     . . .     Faith    .   (armour unavailable)
rPois    .         Spirit   .   (helmet unavailable)
rElec    .         Reflect  .   (cloak unavailable)
rCorr    .         Harm     .   (gloves unavailable)
MR       .....     NoTele   +   (boots unavailable)
Stlth    +++.......             (no amulet)
HPRegen  0.04/turn              (no ring)
MPRegen  0.10/turn              (no ring)

@: quick
A: very small, no armour, no weapons or thrown items, stealth, claws 1, fangs 3,
see invisible, carnivore, speed 1, shaggy fur 1, slow metabolism 1, sharp paws
a: no special abilities


You were in the Dungeon.
You were not hungry.

You visited 1 branch

Inventory:

Missiles
 a - 12 arrows
Scrolls
 i - a scroll of blinking
Potions
 d - a potion of curing
 e - a potion of heal wounds
 f - a potion of haste
 g - 2 potions of magic
 h - a potion of berserk rage
Comestibles
 c - a ration


   Skills:
 - Level 1.0 Fighting
 + Level 3.8 Dodging
 + Level 2.6 Stealth
 + Level 3.6 Unarmed Combat
 + Level 2.7 Spellcasting
 + Level 3.1 Transmutations


You had 5 spell levels left.
You knew the following spells:

 Your Spells              Type           Power        Failure   Level  Hunger
a - Beastly Appendage     Tmut           ##....       6%          1    #......

Your spell library contained the following spells:

 Spells                   Type           Power        Failure   Level  Hunger
 Sticks to Snakes         Tmut           ##......     10%         2    ###....
 Spider Form              Tmut/Pois      #.........   34%         3    ###....
 Ice Form                 Ice/Tmut       #.......     75%         4    #####..
 Blade Hands              Tmut           ##........   86%         5    ######.


Dungeon Overview and Level Annotations

Branches:
Dungeon (1/1)

Altars:


Innate Abilities, Weirdness & Mutations

You cannot wear armour.
You are incapable of wielding weapons or throwing items.
Your paws allow you to move quietly. (Stealth)
You have sharp claws.
You have razor-sharp teeth.
You have supernaturally acute eyesight. (SInv)
You are carnivorous and can eat meat at any time.
You cover ground quickly.
You are covered in fur. (AC +1)
You have a slow metabolism.
Your sharp claws are effective at attacking unaware monsters.


Message History

You barely miss the leopard gecko. You bite the leopard gecko.
The leopard gecko is moderately wounded.
The leopard gecko barely misses you. The phantom misses you.
You scratch the leopard gecko.
The leopard gecko is almost dead.
The leopard gecko completely misses you.
The phantom completely misses you.
You scratch the leopard gecko.
You kill the leopard gecko!
The phantom completely misses you.
You scratch the phantom. You bite the phantom.
The phantom is lightly damaged.
The phantom blinks!
You barely miss the phantom.
The phantom is lightly damaged.
The phantom hits you.
The phantom blinks!
You see here a leopard gecko corpse.
The phantom hits you!
Ouch! That really hurt!
You die...

▓+▓
▓.▓
▓.▓
▓@▓
▓W▓
▓.▓
▓'▓
▓.▓
▓.▓
▓)▓
▓)▓
▓.▓


You could see a phantom.

Vanquished Creatures
  4 leopard geckos (D)
  A bat (D)
  A hobgoblin (D)
  A kobold (D)
  2 rats (D)
9 creatures vanquished.

Notes
Turn   | Place    | Note
-------+----------+-------------------------------------------
     0 | D        | Groucho the Felid Transmuter began the quest for the Orb.
     0 | D        | Reached XP level 1. HP: 9/9 MP: 4/4
     9 | D        | Reached skill level 1 in Stealth
   280 | D        | Noticed a phantom
   284 | D        | Reached XP level 2. HP: 12/12 MP: 4/6
   301 | D        | Slain by a phantom

Levels and vault maps discovered:
D:        linesprint [early_d, line_temple, items_1, d_10, items_2, lair_1,
          lair_end, items_3, orc_1, orc_end, items_4, d_15, swamp_1, shoals_1,
          snake_1, spider_1, d_20, vaults_1, items_5, swamp_end, shoals_end,
          snake_end, spider_end, vaults_end, d_27, items_6, zot_1, zot_end,
          crypt_end, forest_end, elf_end, slime_end, tomb_end, abyss_end,
          pan_hell_end]

Skill      XL: |  1  2 |
---------------+-------+-----
Dodging        | 3 |  3.8
Stealth        | 2 |  2.6
Transmutations | 3 |  3.1
Fighting       | |  1.0
Unarmed Combat | |  3.6
Spellcasting   | |  2.7

Action                   || total
-------------------------++-------
Melee: Unarmed           ||    26
       Bite              ||     4
       Punch             ||     1
 Stab: Sleeping          ||     2
Dodge: Dodged            ||    23
